 Dungeon Crawl Stone Soup version 0.30-a0-900-g23479c02f2 (webtiles) character file.

Game seed: 12002672568937412804

1786 NotreDorf the Covert (level 8, -5/36 HPs)
             Began as a Spriggan Venom Mage on Mar 18, 2023.
             Was an Elder of Okawaru.
             Slain by Menkaure (21 damage)
             ... on level 7 of the Dungeon.
             The game lasted 00:27:09 (7547 turns).

NotreDorf the Covert (Spriggan Venom Mage)          Turns: 7547, Time: 00:27:10

Health: -5/36      AC:  9    Str:  6    XL:     8   Next: 82%
Magic:  16/19      EV: 20    Int: 17    God:    Okawaru [****..]
Gold:   189        SH:  0    Dex: 15    Spells: 4/20 levels left

rFire   . . .      SeeInvis +    r - +1 long sword (holy)
rCold   . . .      Faith    .    (no shield)
rNeg    . . .      Spirit   .    E - +0 steam dragon scales
rPois   +          Reflect  .    (helmet restricted)
rElec   .          Rampage  .    (no cloak)
rCorr   .                        (gloves unavailable)
Will    +....                    (boots unavailable)
Stlth   ++++                     (no amulet)
HPRegen 0.26/turn                d - ring of poison resistance
MPRegen 0.16/turn                m - +4 ring of protection

@: very quick
A: very small, no large weapons, unfitting armour, see invisible, speed 3
a: Renounce Religion, Heroism, Finesse


You were on level 7 of the Dungeon.
You worshipped Okawaru.
Okawaru was greatly pleased with you.
You visited 1 branch of the dungeon, and saw 7 of its levels.

You collected 389 gold pieces.
You spent 200 gold pieces at shops.

Inventory:

Hand Weapons
 r - a +1 long sword of holy wrath (weapon)
Missiles
 s - a throwing net
Armour
 E - +0 steam dragon scales (worn)
Magical Staves
 y - a staff of conjuration
Jewellery
 a - a +6 ring of dexterity
 d - a ring of poison resistance (left hand)
 h - a ring of protection from cold
 m - a +4 ring of protection (right hand)
Scrolls
 e - 3 scrolls of identify {unknown}
 f - a scroll of poison {unknown}
 j - 4 scrolls of enchant weapon {unknown}
 o - a scroll of magic mapping {unknown}
 p - a scroll of amnesia {unknown}
 q - 2 scrolls of brand weapon {unknown}
 u - 2 scrolls of noise {unknown}
 x - 3 scrolls of immolation {unknown}
 B - a scroll of enchant armour {unknown}
 C - 2 scrolls of blinking {unknown}
 D - a scroll of silence {unknown}
Potions
 b - 2 potions of magic
 g - 3 potions of haste {unknown}
 k - a potion of flight {unknown}
 l - 2 potions of curing {unknown}
 n - a potion of attraction {unknown}
 t - 2 potions of invisibility {unknown}
 v - 2 potions of berserk rage {unknown}
 w - 2 potions of lignification {unknown}
 z - a potion of mutation {unknown}
 A - 3 potions of heal wounds {unknown}


   Skills:
 + Level 7.1 Dodging
 + Level 8.5 Stealth
 + Level 6.7 Spellcasting
 - Level 2.1 Transmutations
 + Level 4.2 Air Magic
 + Level 5.9 Poison Magic


You had 4 spell levels left.
You knew the following spells:

 Your Spells              Type           Power      Damage    Failure   Level
a - Sting                 Tmut/Pois      76%        1d6       2%          1
b - Poisonous Vapours     Pois/Air       44%        N/A       2%          2
c - Mephitic Cloud        Conj/Pois/Air  17%        N/A       9%          3
d - Olgreb's Toxic Radia  Pois           25%        N/A       11%         4
e - Swiftness             Air            20%        N/A       6%          3
f - Apportation           Tloc           10%        N/A       12%         1
g - Ensorcelled Hibernat  Hex/Ice        10%        N/A       19%         2

Your spell library contained the following spells:

 Spells                   Type           Power      Damage    Failure   Level
 Freeze                   Ice            20%        1d4       12%         1
 Kiss of Death            Conj/Necr      20%        2d7       12%         1
 Necrotise                Necr           20%        1d5       12%         1
 Passwall                 Tmut/Erth      7%         N/A       12%         2
 Confusing Touch          Hex            5%         N/A       34%         3
 Frozen Ramparts          Ice            10%        1d2       34%         3
 Hailstorm                Conj/Ice       5%         3d4       34%         3
 Ice Form                 Ice/Tmut       9%         N/A       58%         4
 Dispel Undead            Necr           5%         3d7       75%         4
 Blade Hands              Tmut           6%         N/A       80%         5
 Iron Shot                Conj/Erth      2%         9d2       100%        6
 Summon Small Mammal      Summ           Unusable   N/A       N/A         1
 Animate Armour           Summ/Erth      Unusable   N/A       N/A         4
 Simulacrum               Ice/Necr       Unusable   N/A       N/A         6

Dungeon Overview and Level Annotations

Branches:
Dungeon (7/15)             Temple (0/1) D:4

Altars:
Fedhas
Hepliaklqana
Makhleb
Okawaru
Uskayaw

Shops:
D:5 :

Annotations:
D:7 Menkaure


Innate Abilities, Weirdness & Mutations

You are very small and have problems with some larger weapons.
You are too small for most types of armour.
You have supernaturally acute eyesight. (SInv)
You cover ground extremely quickly. (Speed+++)


Message History

Poisonous vapours surround the howler monkey!
The howler monkey is poisoned.
The howler monkey howls!
Casting: Poisonous Vapours (safe; 2% risk of failure)
Confirm with . or Enter, or press ? or * to list all spells.
Aiming: Poisonous Vapours (safe; 2% risk of failure)
Press: ? - help, Dir - move target, f/p - howler monkey
Aim: a howler monkey (lightly wounded, poisoned) Poisonous vapours surround the howler monkey!
The howler monkey looks even sicker.
You see here 14 gold pieces.
You now have 189 gold pieces (gained 14).
The howler monkey hoots and howls with incredible vigour!
You hear a shout!
Found 7 stones.
Casting: Poisonous Vapours (safe; 2% risk of failure)
Confirm with . or Enter, or press ? or * to list all spells.
Aiming: Poisonous Vapours (safe; 2% risk of failure)
Press: ? - help, Dir - move target, f/p - howler monkey
Aim: a howler monkey (moderately wounded, poisoned) Poisonous vapours surround the howler monkey!
The howler monkey looks even sicker.
The howler monkey hoots and howls with incredible vigour!
Menkaure, Prince of Dust comes into view.
Menkaure casts a spell.
Menkaure seems to speed up.
You hit Menkaure but do no damage.
The howler monkey hoots and howls with incredible vigour!
Menkaure barely misses you.
You slash Menkaure!
Menkaure convulses!
Menkaure is severely damaged.
Menkaure hits you!!
Ouch! That really hurt!
Menkaure completely misses you.
A shadow comes into view.
You hit Menkaure.
Menkaure convulses.
Menkaure is almost destroyed.
Menkaure misses you. Menkaure hits you!!
Ouch! That really hurt!
You die...

### .. #. #.###########
#.(.........#####..
#....#####......... #
######.#.#......#####.#
#
..W.....@Mh..##.#.....#
# ...#########......#
## ## #....########. ..
.....##......##.) ###.
.######.####....)
##.... #........<...##
.....h###.###.#...##...
#..h..# #...#######
#$#.#####..##


You could see a shadow, Menkaure (fast) and a howler monkey (poisoned).

Vanquished Creatures
  Maggie (D:7)
  A water moccasin (D:5)
  2 black bears
  2 ogres (D:6)
  A centaur (D:7)
  A phantom (D:5)
  Blork the orc (D:5)
  A kobold brigand (D:7)
  A bullfrog (D:6)
  2 scorpions
  An electric eel (D:6)
  3 hounds
  An orc priest (D:5)
  4 jellies
  2 sleepcaps
  An iguana (D:5)
  2 orc wizards
  7 adders
  A shadow imp (D:5)
  3 white imps
  A worm (D:4)
  2 dart slugs
  19 orcs
  7 endoplasms
  A giant cockroach (D:4)
  9 goblins
  9 hobgoblins
  8 kobolds
  5 quokkas
  5 bats
  3 frilled lizards
  9 rats
116 creatures vanquished.

Vanquished Creatures (others)
  7 plants (D:6)
7 creatures vanquished.

Grand Total: 123 creatures vanquished

Notes
Turn   | Place    | Note
-------+----------+-------------------------------------------
     0 | D:1      | NotreDorf the Spriggan Venom Mage began the quest for the
                  | Orb.
     0 | D:1      | Reached XP level 1. HP: 9/9 MP: 5/5
   347 | D:1      | Reached XP level 2. HP: 13/13 MP: 3/6
  1215 | D:1      | Found a faded altar of an unknown god.
  1417 | D:1      | Prayed at the altar of an unknown god.
  1417 | D:1      | Became a worshipper of Warmaster Okawaru
  1417 | D:1      | Reached * piety under Okawaru
  1510 | D:2      | Found a blossoming altar of Fedhas.
  1588 | D:2      | Reached XP level 3. HP: 16/16 MP: 4/8
  1721 | D:2      | Learned a level 2 spell: Poisonous Vapours
  1725 | D:2      | Learned a level 3 spell: Mephitic Cloud
  2352 | D:3      | Found a hide-covered altar of Uskayaw.
  2426 | D:3      | Reached skill level 4 in Stealth
  2896 | D:3      | Reached XP level 4. HP: 21/21 MP: 5/10
  3428 | D:4      | Reached skill level 1 in Air Magic
  3499 | D:4      | Found a burning altar of Makhleb.
  3502 | D:4      | Noticed a scorpion
  3508 | D:4      | Killed a scorpion
  3509 | D:4      | Reached XP level 5. HP: 24/24 MP: 0/11
  3899 | D:4      | Reached ** piety under Okawaru
  4102 | D:4      | Reached skill level 5 in Stealth
  4203 | D:4      | Learned a level 4 spell: Olgreb's Toxic Radiance
  4312 | D:4      | Found a staircase to the Ecumenical Temple.
  4522 | D:5      | Entered Level 5 of the Dungeon
  4527 | D:5      | Noticed Blork the orc
  4528 | D:5      | Reached XP level 6. HP: 19/28 MP: 6/13
  4661 | D:5      | Killed Blork the orc
  4675 | D:5      | Noticed a water moccasin
  4712 | D:5      | Killed a water moccasin
  5012 | D:5      | Reached skill level 5 in Dodging
  5098 | D:5      | Reached XP level 7. HP: 32/32 MP: 11/15
  5154 | D:5      | Reached skill level 6 in Stealth
  5266 | D:5      | Found a hazy altar of Hepliaklqana.
  5585 | D:5      | Reached *** piety under Okawaru
  5586 | D:5      | Reached skill level 5 in Spellcasting
  6009 | D:5      | Found Docleish's Book Boutique.
  6015 | D:5      | Bought a book of Burglary for 200 gold pieces
  6019 | D:5      | Learned a level 3 spell: Swiftness
  6021 | D:5      | Learned a level 1 spell: Apportation
  6024 | D:5      | Learned a level 2 spell: Ensorcelled Hibernation
  6325 | D:6      | Reached skill level 7 in Stealth
  6325 | D:6      | Reached skill level 5 in Poison Magic
  6585 | D:6      | Reached XP level 8. HP: 10/36 MP: 13/17
  6848 | D:6      | Reached **** piety under Okawaru
  7039 | D:6      | You fall into a shaft and drop 1 floor!
  7097 | D:7      | Noticed Maggie
  7173 | D:7      | Killed Maggie
  7174 | D:7      | Reached skill level 8 in Stealth
  7529 | D:7      | Noticed Menkaure
  7547 | D:7      | Slain by Menkaure

Illustrated notes

Levels and vault maps discovered:
D:1:      heliophobic_arrival_henge, layout_loops_corners,
          basic_ecumenical_altar, corexii_corridor_pit
D:2:      layout_rooms, basic_altar, minmay_tall_x
D:3:      layout_loops_cross, marbit_many_paths
D:4:      layout_gridville, mainiacjoe_overflow_alcove_1,
          minmay_temple_entry_fiery
D:5:      layout_loops_corners, lemuel_crystal_altar, serial_shops, shop,
          chequers_serial_rivers_micro_b, uniq_blork_the_orc
D:6:      layout_rooms, minmay_liquid_box, serial_bayou_pond_c,
          serial_park_tiny_pond
D:7:      layout_rooms, minmay_misc_feat_room, uniq_menkaure, uniq_maggie

Skill      XL: |  1  2  3  4  5  6  7  8 |
---------------+-------------------------+-----
Dodging        | 3 4 5 7 |  7.1
Spellcasting   | 3 4 5 6 |  6.7
Transmutations | 2 |  2.1
Stealth        | 4 5 7 8 |  8.5
Air Magic      | 1 2 3 4 |  4.2
Poison Magic   | 4 5 |  5.9

Action                     |  1- 3 |  4- 6 |  7- 9 || total
---------------------------+-------+-------+-------++-------
  Melee: Long sword        |     5 |    40 |    81 ||   126
         Punch             |       |     1 |       ||     1
   Cast: Sting             |    54 |    10 |    17 ||    81
         Poisonous Vapours |    18 |    57 |    58 ||   133
         Mephitic Cloud    |       |     2 |     3 ||     5
   Stab: Confused          |       |     3 |       ||     3
 Armour: Robe              |       |    11 |    14 ||    25
         Steam dragon scal |       |       |    11 ||    11
  Dodge: Dodged            |    12 |    38 |    80 ||   130

Table legend: (Time is in decaauts)
 A = Elapsed time spent in this place.
 B = Non-inter-level travel time spent in this place.
 C = Inter-level travel time spent in this place.
 D = Time resting spent in this place.
 E = Time spent auto-exploring this place.
 F = Levels seen in this place.
 G = Mean time per level.
                   A        B        C        D        E       F      G
               +--------+--------+--------+--------+--------+-----+--------+
         Total |   5806 |   5650 |    156 |   1009 |   3382 |   7 |  829.4 |
       Dungeon |   5806 |   5650 |    156 |   1009 |   3382 |   7 |  829.4 |
               +--------+--------+--------+--------+--------+-----+--------+

Top non-repeatable levels by time:
     D:5: 1269 daAuts
     D:4: 1226 daAuts
     D:1: 1050 daAuts
     D:3: 796 daAuts
     D:6: 603 daAuts
     D:7: 449 daAuts
     D:2: 411 daAuts
